 Dungeon Crawl Stone Soup version 0.30-a0-1050-g2766ea1e55 (webtiles) character file.

Game seed: 14307842260945686910

8821 MacCMillion the Skirmisher (level 10, -24/84 HPs)
             Began as a Demigod Hunter on Apr 11, 2023.
             Annihilated by a skeletal warrior
             ... wielding a +0 scimitar
              (27 damage)
             ... on level 10 of the Dungeon.
             The game lasted 00:16:44 (12554 turns).

MacCMillion the Skirmisher (Demigod Hunter)        Turns: 12554, Time: 00:16:45

Health: -24/84     AC: 11    Str: 12    XL:     10   Next: 93%
Magic:  13/13      EV: 18    Int: 11    God:
Gold:   290        SH:  0    Dex: 29    Spells: 9/9 levels left

rFire   . . .      SeeInvis .    a - +1 shortbow
rCold   . . .      Faith    .    (shield currently unavailable)
rNeg    . . .      Spirit   .    c - +1 leather armour
rPois   .          Reflect  .    z - +0 helmet
rElec   .          Rampage  .    I - +1 cloak {rCorr}
rCorr   +                        u - +0 pair of gloves
Will    +....                    K - +2 pair of boots
Stlth   +++                      (no amulet)
HPRegen 0.34/turn                d - +4 ring of slaying
MPRegen 0.13/turn                (no ring)

@: no status effects
A: high MP 1, forlorn, divine attributes
a: no special abilities


You were on level 10 of the Dungeon.
You visited 1 branch of the dungeon, and saw 10 of its levels.
You also visited: Ossuary.

You collected 470 gold pieces.
You spent 180 gold pieces at shops.

Inventory:

Hand Weapons
 a - a +1 shortbow (weapon)
 L - a +2 arbalest of electrocution
Armour
 c - a +1 leather armour (worn)
 u - a +0 pair of gloves (worn)
 z - a +0 helmet (worn)
 I - a +1 cloak of preservation (worn)
 K - a +2 pair of boots (worn)
Jewellery
 d - a +4 ring of slaying (left hand)
 v - a +6 ring of intelligence
 w - a ring of magical power
Wands
 f - a wand of flame (37)
 x - a wand of roots (11)
 N - a wand of charming (4)
 P - a wand of polymorph (2)
Scrolls
 b - a scroll of immolation
 g - 3 scrolls of enchant armour
 j - 3 scrolls of enchant weapon
 k - a scroll of magic mapping {unknown}
 l - 4 scrolls of fear
 m - 2 scrolls of amnesia {unknown}
 o - 2 scrolls of vulnerability {unknown}
 p - 2 scrolls of noise {unknown}
 q - a scroll of acquirement {unknown}
 t - 6 scrolls of teleportation
 y - 3 scrolls of fog {unknown}
 H - 3 scrolls of poison {unknown}
 J - a scroll of blinking {unknown}
 O - a scroll of identify
Potions
 e - 2 potions of ambrosia
 h - 3 potions of flight
 i - 3 potions of lignification
 n - 3 potions of magic
 r - a potion of brilliance {unknown}
 s - 2 potions of degeneration {unknown}
 A - 3 potions of curing
 B - a potion of attraction {unknown}
 C - 4 potions of berserk rage
 D - 2 potions of resistance {unknown}
 E - 2 potions of heal wounds {unknown}
 F - a potion of invisibility {unknown}
 G - 3 potions of cancellation {unknown}
 M - 3 potions of might {unknown}


   Skills:
 + Level 6.7 Fighting
 * Level 13.4 Ranged Weapons
 + Level 6.7 Dodging
 - Level 2.0 Stealth


You had 9 spell levels left.
You didn't know any spells.
Your spell library contained the following spells:

 Spells                   Type           Power      Damage    Failure   Level
 Beastly Appendage        Tmut           0%         N/A       41%         1
 Necrotise                Necr           0%         1d4       41%         1
 Wereblood                Tmut           0%         N/A       56%         2
 Inner Flame              Hex/Fire       0%         N/A       80%         3
 Spider Form              Tmut/Pois      0%         N/A       80%         3
 Vampiric Draining        Necr           0%         2d6       80%         3
 Flame Wave               Conj/Fire      0%         2d4       99%         4
 Leda's Liquefaction      Hex/Erth       0%         N/A       99%         4
 Sticky Flame             Conj/Fire      0%         2d3       99%         4
 Agony                    Necr           0%         N/A       100%        5
 Lee's Rapid Deconstruct  Erth           0%         3d4*      100%        5
 Statue Form              Tmut/Erth      0%         N/A       100%        6


Dungeon Overview and Level Annotations

Branches:
Dungeon (10/15)            Temple (0/1) D:5            Lair (0/5) D:10
    Orc (0/2) D:10        Ossuary (visited)

Shops:
D:6 ?   D:7 [

Annotations:
D:4 1 runed translucent door, Crazy Yiuf
D:5 exclusion: centaur
D:6 1 exclusion


Innate Abilities, Weirdness & Mutations

You have an increased reservoir of magic. (+10% MP)
You shall have no god before yourself.
Your divine heritage dramatically boosts your attributes as you level up.


Message History

The arrow closely misses the skeletal warrior.
The howler monkey hits you but does no damage.
The howler monkey closely misses you. The skeletal warrior misses you.
Fire: a) +1 shortbow
Press: ? - help, Q - select action, (/) - cycle Shift-Dir - straight line, f/p - skeletal warrior
Aim: a skeletal warrior, wielding a +0 scimitar (almost destroyed, 76% to hit)
You shoot an arrow.
The arrow hits the skeletal warrior but does no damage.
The skeletal warrior is almost destroyed.
The howler monkey barely misses you.
The howler monkey completely misses you.
Fire: a) +1 shortbow
Press: ? - help, Q - select action, (/) - cycle Shift-Dir - straight line, f/p - skeletal warrior
Aim: a skeletal warrior, wielding a +0 scimitar (almost destroyed, 76% to hit)
You shoot an arrow. The arrow hits the skeletal warrior.
The skeletal warrior is almost destroyed.
The skeletal warrior hits you with a +0 scimitar!
* * * LOW HITPOINT WARNING * * *
The howler monkey misses you.
The howler monkey hoots and howls with incredible vigour!
Fire: a) +1 shortbow
Press: ? - help, Q - select action, (/) - cycle Shift-Dir - straight line, f/p - skeletal warrior
Aim: a skeletal warrior, wielding a +0 scimitar (almost destroyed, 76% to hit)
You shoot an arrow. The arrow hits the skeletal warrior.
The skeletal warrior is almost destroyed.
The howler monkey hoots and howls with incredible vigour!
The skeletal warrior hits you with a +0 scimitar!!
* * * LOW HITPOINT WARNING * * *
The howler monkey hoots and howls with incredible vigour!
Fire: a) +1 shortbow
Press: ? - help, Q - select action, (/) - cycle Shift-Dir - straight line, f/p - skeletal warrior
Aim: a skeletal warrior, wielding a +0 scimitar (almost destroyed, 76% to hit)
You shoot an arrow.
The arrow hits the skeletal warrior but does no damage.
The skeletal warrior is almost destroyed.
The howler monkey hits you.
* * * LOW HITPOINT WARNING * * *
The howler monkey hits you but does no damage.
The skeletal warrior hits you with a +0 scimitar!!
You die...

#..)†...>.
#.####..h.
#..##.# .
#..#..# ##....#
#..##.#
#######.....#
#.....z..#..#
#....@h..##.#
#.....h..# #y.
.###........#
###
............#
###.######.#####
####...#####..#
#......##....##
#............#
#..........###


You could see a skeletal warrior and 2 howler monkeys.

Vanquished Creatures
  2 two-headed ogres (D:9)
  Pikel (D:9)
  Maurice (D:10)
  An efreet (D:9)
  A rime drake (D:9)
  A meliai (D:10)
  A troll (D:9)
  A slime creature (D:9)
  3 yaks (D:8)
  A wraith (Ossuary)
  A wyvern (D:9)
  2 steam dragons
  6 ice beasts
  4 orc warriors
  A black bear (D:5)
  2 sky beasts
  2 ogres
  3 centaurs
  4 wolves (D:10)
  A phantom (D:5)
  3 kobold brigands
  5 bullfrogs
  7 scorpions
  12 wights
  2 killer bees (D:10)
  An electric eel (D:8)
  6 howler monkeys
  4 hounds
  A gnoll bouda (D:7)
  9 orc priests
  An iguana (D:4)
  7 orc wizards
  A mummy (Ossuary)
  7 adders
  2 shadow imps (D:6)
  4 white imps
  2 ufetubi
  4 worms
  3 dart slugs
  40 orcs
  5 endoplasms
  3 giant cockroaches (D:2)
  7 goblins
  4 hobgoblins
  4 quokkas
  6 ball pythons
  6 bats
  4 frilled lizards
  11 gnoll skeletons (Ossuary)
  21 kobolds
  5 kobold skeletons (Ossuary)
  9 orc skeletons (Ossuary)
  7 rats
252 creatures vanquished.

Vanquished Creatures (others)
  11 fungi
11 creatures vanquished.

Grand Total: 263 creatures vanquished

Notes
Turn   | Place    | Note
-------+----------+-------------------------------------------
     0 | D:1      | MacCMillion the Demigod Hunter began the quest for the Orb.
     0 | D:1      | Reached XP level 1. HP: 17/17 MP: 3/3
    58 | D:1      | Reached skill level 1 in Stealth
   274 | D:1      | Reached XP level 2. HP: 24/24 MP: 4/4
   747 | D:2      | Reached skill level 4 in Ranged Weapons
   825 | D:2      | Reached XP level 3. HP: 29/29 MP: 5/5
  1533 | D:3      | Reached XP level 4. HP: 34/36 MP: 6/6
  1702 | D:3      | Reached skill level 5 in Ranged Weapons
  1767 | D:3      | You fall into a shaft and drop 2 floors!
  1767 | D:5      | Entered Level 5 of the Dungeon
  1773 | D:5      | Noticed a centaur
  1845 | D:5      | Reached XP level 5. HP: 14/41 MP: 7/7
  2070 | D:5      | Identified the +1 short sword "Dyzaamiu" {heavy, *Rage
                  | +Blink Str+8 Stlth-}
  2126 | D:5      | Noticed a black bear
  2138 | D:5      | Killed a black bear
  2139 | D:5      | Reached skill level 6 in Ranged Weapons
  2523 | D:4      | Found a runed translucent door.
  2524 | D:4      | Noticed Crazy Yiuf
  2599 | D:4      | Noticed an ogre
  2606 | D:4      | Killed an ogre
  2607 | D:4      | Reached XP level 6. HP: 15/48 MP: 8/8
  2613 | D:4      | Reached skill level 7 in Ranged Weapons
  3486 | D:5      | Reached XP level 7. HP: 49/53 MP: 9/9
  3511 | D:5      | Found a staircase to the Ecumenical Temple.
  3518 | D:5      | Reached skill level 8 in Ranged Weapons
  3941 | D:5      | Reached skill level 9 in Ranged Weapons
  4322 | D:6      | Reached XP level 8. HP: 45/61 MP: 10/10
  4408 | D:6      | Reached skill level 10 in Ranged Weapons
  4477 | D:6      | Found a sand-covered staircase.
  4484 | Ossuary  | Entered an ossuary
  5211 | D:6      | Found Xohaulin's Magic Scroll Shop.
  5669 | D:7      | Found Asto's Antique Armour Emporium.
  5675 | D:7      | Bought a glowing cloak for 180 gold pieces
  6321 | D:7      | Reached XP level 9. HP: 70/70 MP: 11/11
  6418 | D:7      | Reached skill level 11 in Ranged Weapons
  9683 | D:9      | Reached skill level 5 in Fighting
  9683 | D:9      | Reached skill level 5 in Dodging
  9704 | D:9      | Noticed a two-headed ogre
 10032 | D:9      | Reached skill level 12 in Ranged Weapons
 10133 | D:9      | Noticed a two-headed ogre
 10296 | D:9      | Noticed an efreet
 10302 | D:9      | Killed an efreet
 10303 | D:9      | Reached XP level 10. HP: 50/81 MP: 13/13
 10411 | D:9      | Noticed Pikel
 10434 | D:9      | Killed Pikel
 10520 | D:9      | Killed a two-headed ogre
 11052 | D:9      | Killed a two-headed ogre
 11231 | D:10     | Entered Level 10 of the Dungeon
 11495 | D:10     | Noticed Maurice
 11497 | D:10     | Reached skill level 13 in Ranged Weapons
 12290 | D:10     | Killed Maurice
 12412 | D:10     | Found a staircase to the Orcish Mines.
 12440 | D:10     | Found a staircase to the Lair.
 12525 | D:10     | Noticed a skeletal warrior
 12553 | D:10     | HP: 4/84 [skeletal warrior/+0 scimitar (21)]
 12554 | D:10     | Annihilated by a skeletal warrior

Illustrated notes

Levels and vault maps discovered:
D:1:      dpeg_arrival_connections, layout_loops_ring
D:2:      layout_basic, basic_altar, dreamdust_mushroom_princess,
          serial_park_tiny_2
D:3:      layout_basic, old_standard_altar
D:4:      layout_loops_ring, kennysheep_mini, bloody_makhleb,
          uniq_crazy_yiuf_cottage, uniq_eustachio
D:5:      layout_layer_cave, temple_statues
D:6:      layout_loops_corners, mainiacjoe_overflow_catwalk,
          eat_drink_and_be_merry_uskayaw, serial_shops, kennysheep_little_box,
          nicolae_ossuary_entry_plus, due_unseen_surprise
D:7:      layout_basic, cheibrodos_ashenzari_chains, okawaru_metal_pillars_1_2,
          mainiacjoe_overflow_catch_the_wave, serial_shops, nicolae_shop_stone,
          kennysheep_generic_room_16
D:8:      layout_basic, mainiacjoe_overflow_24_doors, fungi_pond_lemuel
D:9:      minmay_diamond_stairs, layout_basic, nicolae_tso_carved_into_rock,
          doesnt_xom_only_xom, nzn_wu_jian_contemplation, uniq_pikel
D:10:     layout_basic, lemuel_coloured_pillars_altar, hellmonk_lair_entry_icy,
          minmay_orc_entry_temple_small, serial_shops, shop, minmay_checkerbox,
          uniq_maurice

Skill      XL: |  1  2  3  4  5  6  7  8  9 10 |
---------------+-------------------------------+-----
Stealth        | 1 2 |  2.0
Ranged Weapons | 4 5 6 7 9 10 12 13 | 13.4
Fighting       | 3 5 6 |  6.7
Dodging        | 3 5 6 |  6.7

Action                     |  1- 3 |  4- 6 |  7- 9 | 10-12 || total
---------------------------+-------+-------+-------+-------++-------
  Melee: Shortbow          |       |       |       |     2 ||     2
   Fire: Shortbow          |   113 |   131 |   371 |   167 ||   782
    Use: Scroll            |       |     4 |     8 |       ||    12
 Armour: Leather armour    |     2 |    12 |    25 |    17 ||    56
  Dodge: Dodged            |    15 |    32 |    75 |    74 ||   196

Table legend: (Time is in decaauts)
 A = Elapsed time spent in this place.
 B = Non-inter-level travel time spent in this place.
 C = Inter-level travel time spent in this place.
 D = Time resting spent in this place.
 E = Time spent auto-exploring this place.
 F = Levels seen in this place.
 G = Mean time per level.
                   A        B        C        D        E       F      G
               +--------+--------+--------+--------+--------+-----+--------+
         Total |  12624 |  11975 |    649 |   3938 |   6261 |  11 | 1147.6 |
       Dungeon |  12136 |  11487 |    649 |   3644 |   6168 |  10 | 1213.6 |
       Ossuary |    487 |    487 |      0 |    294 |     93 |   1 |  487.0 |
               +--------+--------+--------+--------+--------+-----+--------+

Top non-repeatable levels by time:
     D:9: 2439 daAuts
     D:8: 2181 daAuts
     D:7: 1654 daAuts
     D:5: 1137 daAuts
     D:4: 1086 daAuts
     D:6: 1045 daAuts
     D:3: 703 daAuts
     D:1: 651 daAuts
     D:2: 624 daAuts
    D:10: 612 daAuts
 Ossuary: 487 daAuts
